PL
BOSTON PATRIOTS @ SAN MATEO DIRTY REDS
04/19/2051
 
TOP OF THE 1ST
Boston Patriots batting - Pitching for San Mateo Dirty Reds : RHP Eugene Phillips
Pitching: RHP Eugene Phillips
Batting: RHB Juan Lugo 0-0: Called Strike
0-1: Foul Ball, location: 2F
0-2: Strikes out swinging
Batting: LHB Naganori Inoue 0-0: Fly out, F8 (Line Drive, 78M, EV 93.8 MPH)
Batting: RHB Emílio Rey 0-0: Ball
1-0: DOUBLE (Line Drive, 9LS, EV 96.9 MPH)
Batting: SHB Yeow-whye Zhu 0-0: Foul Ball, location: 2F
0-1: Called Strike
0-2: Strikes out looking
Top of the 1st over - 0 runs, 1 hit, 0 errors, 1 left on base; Boston 0 - San Mateo 0
BOTTOM OF THE 1ST
San Mateo Dirty Reds batting - Pitching for Boston Patriots : RHP César Pinto
Pitching: RHP César Pinto
Batting: LHB Jae-seop Byeon 0-0: Ball
1-0: Swinging Strike
1-1: Ball
2-1: Called Strike
2-2: Strikes out looking
Batting: RHB Marcos Janero 0-0: Ball
1-0: Ground out 3-1 (Groundball, 34S, EV 87.5 MPH)
Batting: LHB Sasha Mamchenko 0-0: Ball
1-0: Ball
2-0: Called Strike
2-1: Called Strike
2-2: SINGLE (Groundball, 25, EV 65.6 MPH) (infield hit)
Batting: LHB Matsusuke Saikawa 0-0: SINGLE (Line Drive, 8RS, EV 106.2 MPH)
Sasha Mamchenko to second
Batting: RHB Jorge Martínez 0-0: Foul Ball, location: 2F
0-1: Ball
1-1: Foul Ball, location: 2F
1-2: Fly out, F8 (Flyball, 8LXD, EV 97.5 MPH)
Bottom of the 1st over - 0 runs, 2 hits, 0 errors, 2 left on base; Boston 0 - San Mateo 0
TOP OF THE 2ND
Boston Patriots batting - Pitching for San Mateo Dirty Reds : RHP Eugene Phillips
Batting: LHB Addy Spoelstra 0-0: Ball
1-0: Ball
2-0: Fly out, F7 (Line Drive, 7S, EV 105.0 MPH)
Batting: LHB Yamato Sato 0-0: DOUBLE (Line Drive, 89M, EV 110.0 MPH)
Batting: RHB Bill Zimmerman 0-0: Called Strike
0-1: Called Strike
0-2: Ball
1-2: Ball
2-2: Foul Ball, location: 2F
2-2: Foul Ball, location: 2F
2-2: Foul Ball, location: 5F, Error on foul ball, E5
2-2: Strikes out swinging
Batting: LHB Salvador Ortega 0-0: Ball
1-0: Called Strike
1-1: Foul Ball, location: 2F
1-2: Strikes out swinging
Top of the 2nd over - 0 runs, 1 hit, 1 error, 1 left on base; Boston 0 - San Mateo 0
BOTTOM OF THE 2ND
San Mateo Dirty Reds batting - Pitching for Boston Patriots : RHP César Pinto
Batting: RHB Francisco Alhama 0-0: Ball
1-0: Called Strike
1-1: Ground out 4-3 (Groundball, 4, EV 80.6 MPH)
Batting: RHB Emílio Soto 0-0: Ball
1-0: Called Strike
1-1: Fly out, F3 (Popup, 3SF, EV 71.9 MPH)
Batting: RHB Daniel MacKinder 0-0: Ball
1-0: Ground out 6-3 (Groundball, 6MD, EV 98.1 MPH)
Bottom of the 2nd over - 0 runs, 0 hits, 0 errors, 0 left on base; Boston 0 - San Mateo 0
TOP OF THE 3RD
Boston Patriots batting - Pitching for San Mateo Dirty Reds : RHP Eugene Phillips
Batting: RHB António Vega 0-0: Called Strike
0-1: Foul Ball, location: 2F
0-2: Ball
1-2: Ball
2-2: SINGLE (Line Drive, 56, EV 102.5 MPH)
Batting: RHB Juan Lugo 0-0: Swinging Strike
0-1: Fly out, F8 (Line Drive, 8RD, EV 103.1 MPH)
Batting: LHB Naganori Inoue 0-0: Called Strike
0-1: Ball
1-1: Called Strike
1-2: Foul Ball, location: 2F
1-2: Ball
2-2: Strikes out looking
Batting: RHB Emílio Rey 0-0: Ball
1-0: Foul Ball, location: 2F
1-1: Ball
2-1: Fly out, F7 (Flyball, 78S, EV 92.5 MPH)
Top of the 3rd over - 0 runs, 1 hit, 0 errors, 1 left on base; Boston 0 - San Mateo 0
BOTTOM OF THE 3RD
San Mateo Dirty Reds batting - Pitching for Boston Patriots : RHP César Pinto
Batting: RHB Casey Vincent 0-0: Ball
1-0: Foul Ball, location: 2F
1-1: Called Strike
1-2: Strikes out looking
Batting: LHB Jae-seop Byeon 0-0: Fly out, F7 (Flyball, 78M, EV 90.0 MPH)
Batting: RHB Marcos Janero 0-0: Ball
1-0: Ball
2-0: Fly out, F2 (Popup, 23F, EV 78.8 MPH)
Bottom of the 3rd over - 0 runs, 0 hits, 0 errors, 0 left on base; Boston 0 - San Mateo 0
TOP OF THE 4TH
Boston Patriots batting - Pitching for San Mateo Dirty Reds : RHP Eugene Phillips
Batting: SHB Yeow-whye Zhu 0-0: Swinging Strike
0-1: Hit by Pitch
Batting: LHB Addy Spoelstra 0-0: Foul Ball, location: 2F
0-1: SINGLE (Line Drive, 7S, EV 100.0 MPH)
Yeow-whye Zhu to second
Batting: LHB Yamato Sato 0-0: Called Strike
0-1: Hit by Pitch
Yeow-whye Zhu to third
Addy Spoelstra to second
Batting: RHB Bill Zimmerman 0-0: Called Strike
0-1: Fly out, F7 (Flyball, 7, EV 86.2 MPH)
Batting: LHB Salvador Ortega 0-0: Called Strike
0-1: Grounds into double play, 3-6-1 (Groundball, 34, EV 111.2 MPH)
Top of the 4th over - 0 runs, 1 hit, 0 errors, 2 left on base; Boston 0 - San Mateo 0
BOTTOM OF THE 4TH
San Mateo Dirty Reds batting - Pitching for Boston Patriots : RHP César Pinto
Batting: LHB Sasha Mamchenko 0-0: Fly out, F8 (Line Drive, 8RM, EV 96.9 MPH)
Batting: LHB Matsusuke Saikawa 0-0: Swinging Strike
0-1: Fly out, F8 (Flyball, 8RM, EV 93.1 MPH)
Batting: RHB Jorge Martínez 0-0: Ball
1-0: Ball
2-0: Ground out 6-3 (Groundball, 56, EV 104.4 MPH)
Bottom of the 4th over - 0 runs, 0 hits, 0 errors, 0 left on base; Boston 0 - San Mateo 0
TOP OF THE 5TH
Boston Patriots batting - Pitching for San Mateo Dirty Reds : RHP Eugene Phillips
Now at 1B: Jesús Fernández
Now in RF: Terry Valdéz
Batting: RHB António Vega 0-0: Called Strike
0-1: Called Strike
0-2: Ball
1-2: Ball
2-2: Foul Ball, location: 2F
2-2: Fly out, F7 (Flyball, 78M, EV 79.4 MPH)
Batting: RHB Juan Lugo 0-0: Foul Ball, location: 2F
0-1: Ground out 4-3 (Groundball, 34, EV 82.5 MPH)
Pinch Hitting: RHB Luis Macazaga 0-0: Ball
1-0: SINGLE (Groundball, 6M, EV 88.8 MPH) (infield hit)
Pinch Hitting: RHB Matsuo Ino 0-0: Ball
1-0: Reached on error, E7 (Flyball, 78M, EV 87.5 MPH)
Luis Macazaga to third
Batting: SHB Yeow-whye Zhu 0-0: Ball
1-0: Ball
2-0: Called Strike
2-1: SINGLE (Flyball, 89S, EV 88.8 MPH)
Luis Macazaga scores
Matsuo Ino to third
Runner from 3rd tries for Home, SAFE, throw by RF to home
Batting: SHB Benedito Ahulani 0-0: Ball
1-0: Foul Ball, location: 2F
1-1: Swinging Strike
1-2: Ball
2-2: Ground out 5-3 (Groundball, 56S, EV 87.5 MPH)
Top of the 5th over - 2 runs, 2 hits, 1 error, 1 left on base; Boston 2 - San Mateo 0
BOTTOM OF THE 5TH
San Mateo Dirty Reds batting - Pitching for Boston Patriots : RHP César Pinto
Pitching: RHP Greg King
Now at C: Joe Hurley
Now at 3B: Jeremy Watson
Now at SS: Cédric Dumas
Now in LF: Matsuo Ino
Now in CF: Luis Macazaga
Batting: RHB Francisco Alhama 0-0: Ball
1-0: SOLO HOME RUN (Flyball, 7LD, EV 90.6 MPH), Distance : 341 ft
Batting: RHB Emílio Soto 0-0: Ball
1-0: Called Strike
1-1: Swinging Strike
1-2: Ball
2-2: Strikes out swinging, 2-3 out at first.
Batting: RHB Daniel MacKinder 0-0: Called Strike
0-1: Ball
1-1: Ground out 4-3 (Groundball, 4, EV 89.4 MPH)
Batting: RHB Casey Vincent 0-0: Called Strike
0-1: Ball
1-1: Swinging Strike
1-2: Ball
2-2: Foul Ball, location: 2F
2-2: Foul Ball, location: 2F
2-2: Foul Ball, location: 2F
2-2: Foul Ball, location: 2F
2-2: Foul Ball, location: 2F
2-2: SINGLE (Line Drive, 78M, EV 100.6 MPH)
Pinch Hitting: SHB Rich Dalzell 0-0: Called Strike
0-1: Foul Ball, location: 2F
0-2: Ball
1-2: Foul Ball, location: 2F
1-2: Ball
2-2: Strikes out looking
Bottom of the 5th over - 1 run, 2 hits, 0 errors, 1 left on base; Boston 2 - San Mateo 1
TOP OF THE 6TH
Boston Patriots batting - Pitching for San Mateo Dirty Reds : RHP Eugene Phillips
Pitching: RHP Ricardo Corona
Now at C: José Altagracia
Now at 3B: Kawenaula Alohalani
Now in LF: Rich Dalzell
Now in CF: Damon Joseph
Pinch Hitting: LHB Trent Conner 0-0: Ground out 1-3 (Groundball, P, EV 68.1 MPH)
Pinch Hitting: RHB Banu Judham 0-0: Swinging Strike
0-1: Foul Ball, location: 2F
0-2: Strikes out swinging
Batting: RHB Joe Hurley 0-0: SOLO HOME RUN (Flyball, 9D, EV 100.6 MPH), Distance : 360 ft
Batting: RHB Jeremy Watson 0-0: Ball
1-0: Foul Ball, location: 2F
1-1: Foul Ball, location: 2F
1-2: Strikes out swinging
Top of the 6th over - 1 run, 1 hit, 0 errors, 0 left on base; Boston 3 - San Mateo 1
BOTTOM OF THE 6TH
San Mateo Dirty Reds batting - Pitching for Boston Patriots : RHP Greg King
Pitching: LHP Mitch Henley
Now at 1B: Trent Conner
Now in RF: Banu Judham
Batting: RHB Jesús Fernández 0-0: Called Strike
0-1: Ball
1-1: Called Strike
1-2: Foul Ball, location: 2F
1-2: Strikes out swinging
Batting: SHB Shi-ping Le 0-0: Ball
1-0: Ball
2-0: Ball
3-0: Called Strike
3-1: Base on Balls
Pitching: LHP Jorge Gil
Batting: RHB Terry Valdéz 0-0: Ball
1-0: Swinging Strike
1-1: Grounds into double play, 6-4-3 (Groundball, 6, EV 89.4 MPH)
Bottom of the 6th over - 0 runs, 0 hits, 0 errors, 0 left on base; Boston 3 - San Mateo 1
TOP OF THE 7TH
Boston Patriots batting - Pitching for San Mateo Dirty Reds : RHP Ricardo Corona
Now at 2B: Jimmy Johns
Now at SS: Lee Montgomery
Batting: RHB Juan Lugo 0-0: Ball
1-0: Ground out 5-3 (Groundball, 56, EV 90.0 MPH)
Batting: RHB Luis Macazaga 0-0: Ground out 6-3 (Groundball, 56, EV 88.1 MPH)
Batting: RHB Matsuo Ino 0-0: Called Strike
0-1: Ball
1-1: Ball
2-1: Fly out, F8 (Flyball, 78D, EV 102.5 MPH)
Top of the 7th over - 0 runs, 0 hits, 0 errors, 0 left on base; Boston 3 - San Mateo 1
BOTTOM OF THE 7TH
San Mateo Dirty Reds batting - Pitching for Boston Patriots : LHP Jorge Gil
Pitching: RHP Juan Sánchez
Batting: RHB Jimmy Johns 0-0: Swinging Strike
0-1: Ball
1-1: Foul Ball, location: 2F
1-2: Strikes out swinging
Batting: RHB Damon Joseph 0-0: Foul Ball, location: 2F
0-1: Ball
1-1: Called Strike
1-2: Fly out, F5 (Line Drive, 5L, EV 63.1 MPH)
Batting: RHB Lee Montgomery 0-0: Ball
1-0: Called Strike
1-1: Fly out, F9 (Flyball, 9, EV 83.8 MPH)
Bottom of the 7th over - 0 runs, 0 hits, 0 errors, 0 left on base; Boston 3 - San Mateo 1
TOP OF THE 8TH
Boston Patriots batting - Pitching for San Mateo Dirty Reds : RHP Ricardo Corona
Pitching: RHP Bill Turner
Batting: RHB Cédric Dumas 0-0: Called Strike
0-1: Ball
1-1: Ball
2-1: Fly out, F7 (Flyball, 7, EV 95.0 MPH)
Batting: SHB Benedito Ahulani 0-0: Ball
1-0: Ground out 5-3 (Groundball, 56, EV 95.6 MPH)
Batting: LHB Trent Conner 0-0: Ball
1-0: Called Strike
1-1: Called Strike
1-2: Ball
2-2: Strikes out swinging
Top of the 8th over - 0 runs, 0 hits, 0 errors, 0 left on base; Boston 3 - San Mateo 1
BOTTOM OF THE 8TH
San Mateo Dirty Reds batting - Pitching for Boston Patriots : RHP Juan Sánchez
Pitching: RHP Bob Hollingsworth
Batting: RHB Kawenaula Alohalani 0-0: Swinging Strike
0-1: Ground out 5-3 (Groundball, 56S, EV 81.9 MPH)
Batting: SHB José Altagracia 0-0: Foul Ball, location: 2F
0-1: Ball
1-1: Ball
2-1: Foul Ball, location: 2F
2-2: Strikes out swinging
Batting: SHB Rich Dalzell 0-0: Fly out, F2 (Popup, 25F, EV 91.2 MPH)
Bottom of the 8th over - 0 runs, 0 hits, 0 errors, 0 left on base; Boston 3 - San Mateo 1
TOP OF THE 9TH
Boston Patriots batting - Pitching for San Mateo Dirty Reds : RHP Bill Turner
Pitching: RHP Cisco García
Batting: RHB Banu Judham 0-0: Foul Ball, location: 2F
0-1: Ground out 5-3 (Groundball, 56D, EV 100.6 MPH)
Batting: RHB Joe Hurley 0-0: Foul Ball, location: 2F
0-1: Ball
1-1: Swinging Strike
1-2: Strikes out swinging
Batting: RHB Jeremy Watson 0-0: Called Strike
0-1: Swinging Strike
0-2: Foul Ball, location: 2F
0-2: Strikes out swinging
Top of the 9th over - 0 runs, 0 hits, 0 errors, 0 left on base; Boston 3 - San Mateo 1
BOTTOM OF THE 9TH
San Mateo Dirty Reds batting - Pitching for Boston Patriots : RHP Bob Hollingsworth
Pitching: RHP Juichi Kanno
Batting: RHB Jesús Fernández 0-0: Ball
1-0: Ball
2-0: Called Strike
2-1: Called Strike
2-2: Foul Ball, location: 2F
2-2: Foul Ball, location: 2F
2-2: Foul Ball, location: 2F
2-2: Strikes out swinging
Batting: SHB Shi-ping Le 0-0: DOUBLE (Line Drive, 78M, EV 98.8 MPH)
Pinch Hitting: LHB George McLean 0-0: 2-RUN HOME RUN (Flyball, 89XD, EV 103.1 MPH), Distance : 402 ft
Pinch Hitting: LHB Elliot Banks 0-0: Called Strike
0-1: Ball
1-1: Ball
2-1: Foul Ball, location: 2F
2-2: Strikes out swinging
Pinch Hitting: LHB Tony Parra 0-0: Swinging Strike
0-1: Ball
1-1: Ball
2-1: Ball
3-1: Swinging Strike
3-2: Strikes out looking
Bottom of the 9th over - 2 runs, 2 hits, 0 errors, 0 left on base; Boston 3 - San Mateo 3
TOP OF THE 10TH
Boston Patriots batting - Pitching for San Mateo Dirty Reds : RHP Cisco García
Jeremy Watson starts the inning at 2nd base.
Pitching: RHP Shawn Walker
Now at 2B: Yosai Hayagawa
Now in CF: Arturo Collazo
Now in RF: Niek Breugelmans
Batting: RHB Juan Lugo 0-0: Ball
1-0: Ball
2-0: Foul Ball, location: 2F
2-1: Foul Ball, location: 2F
2-2: Strikes out swinging
Pinch Hitting: RHB Damon Bansfield 0-0: Ball
1-0: Foul Ball, location: 2F
1-1: Foul Ball, location: 2F
1-2: Ground out 4-3 (Groundball, 4, EV 80.0 MPH)
Jeremy Watson to third
Pinch Hitting: RHB Derek Tyerman 0-0: Called Strike
0-1: Ball
1-1: Ball
2-1: Ball
3-1: Called Strike
3-2: Foul Ball, location: 2F
3-2: Strikes out swinging
Top of the 10th over - 0 runs, 0 hits, 0 errors, 1 left on base; Boston 3 - San Mateo 3
BOTTOM OF THE 10TH
San Mateo Dirty Reds batting - Pitching for Boston Patriots : RHP Juichi Kanno
Yosai Hayagawa starts the inning at 2nd base.
Pitching: RHP Miguel López
Now in LF: Derek Tyerman
Now in CF: Damon Bansfield
Batting: RHB Lee Montgomery 0-0: DOUBLE (Line Drive, 78M, EV 90.6 MPH)
Yosai Hayagawa scores
Bottom of the 10th over - 1 run, 1 hit, 0 errors, 1 left on base; Boston 3 - San Mateo 4
Friday, July 7th , 2023 - OOTP Baseball 23.10 Build 110